 Dungeon Crawl Stone Soup version 0.29.1-1-gd02db6906a (webtiles) character file.

Game seed: 8615745101536502495

167 EvilAshe the Cudgeller (level 5, -3/30 HPs)
             Began as a Gargoyle Gladiator on Sept 24, 2022.
             Killed by divine providence
             ... invoked by an orc priest
              (14 damage)
             ... on level 4 of the Dungeon.
             The game lasted 00:06:14 (2953 turns).

EvilAshe the Cudgeller (Gargoyle Gladiator)         Turns: 2953, Time: 00:06:14

Health: -3/30      AC: 15    Str: 20    XL:     5   Next: 48%
Magic:  14/14      EV: 12    Int:  8    God:
Gold:   164        SH:  0    Dex: 11    Spells: 4/4 levels left

rFire   . . .      SeeInvis .   a - +0 flail
rCold   . . .      Faith    .   (no shield)
rNeg    + . .      Spirit   .   j - +2 chain mail {Will+}
rPois   ∞          Reflect  .   c - +0 helmet
rElec   +          Harm     .   (no cloak)
rCorr   .          Rampage  .   (no gloves)
Will    +....                   (no boots)
Stlth   ..........              (no amulet)
HPRegen 0.10/turn               m - +4 ring of evasion
MPRegen 0.14/turn               u - ring of magical power

@: no status effects
A: sickness immunity, AC +4, negative energy resistance 1, electricity
resistance, torment resistance 1, petrification resistance
a: no special abilities


You were on level 4 of the Dungeon.
You visited 1 branch of the dungeon, and saw 4 of its levels.

You collected 164 gold pieces.

Inventory:

Hand Weapons
 a - a +0 flail (weapon)
Missiles
 d - 5 throwing nets
 e - 5 javelins
 f - 6 poisoned darts
 k - 5 boomerangs (quivered)
Armour
 c - a +0 helmet (worn)
 j - a +2 chain mail of willpower (worn)
Jewellery
 m - a +4 ring of evasion (left hand)
 u - a ring of magical power (right hand)
Scrolls
 b - a scroll of magic mapping {unknown}
 h - 5 scrolls of identify {unknown}
 n - a scroll of immolation {unknown}
 p - a scroll of teleportation {unknown}
 q - a scroll of brand weapon {unknown}
 r - a scroll of summoning {unknown}
 t - a scroll of blinking {unknown}
Potions
 g - 3 potions of cancellation {unknown}
 i - 2 potions of heal wounds {unknown}
 l - a potion of might {unknown}
 o - a potion of lignification {unknown}
 s - a potion of berserk rage {unknown}
 v - a potion of degeneration {unknown}


   Skills:
 - Level 2.1 Fighting
 * Level 6.0 Maces & Flails
 - Level 1.7 Throwing
 - Level 2.4 Dodging


You had 4 spell levels left.
You didn't know any spells.
Your spell library contained the following spells:

 Spells                   Type           Power      Damage    Failure   Level
 Summon Guardian Golem    Hex/Summ       0%         N/A       100%        3
 Orb of Destruction       Conj           0%         9d5       100%        7
 Spellforged Servitor     Conj/Summ      0%         N/A       100%        7


Dungeon Overview and Level Annotations

Branches:
Dungeon (4/15)
 Temple: D:4-7

Altars:
Ashenzari

Shops:
D:3 =


Innate Abilities, Weirdness & Mutations

You are immune to sickness and miasma.
Your stone body is resilient. (AC +4)
You are immune to poison.
You resist negative energy. (rN+)
You are resistant to electric shocks. (rElec)
You are resistant to unholy torment.
You are immune to petrification.


Message History

You closely miss the orc.
The orc is moderately wounded.
You barely miss the orc. The orc closely misses you.
The orc hits you with a +2 vampiric hand axe.
The orc attacks as you move away! The orc closely misses you.
You barely miss the orc. The orc priest hits you with a +0 whip.
The orc closely misses you. x2
You sock the orc priest!
The orc priest is heavily wounded.
The orc closely misses you. The orc hits you but does no damage.
The orc priest barely misses you.
You barely miss the orc priest.
The orc priest is heavily wounded.
The orc priest hits you but does no damage.
The orc hits you but does no damage.
The orc hits you with a +2 vampiric hand axe.
You barely miss the orc priest.
The orc priest is heavily wounded.
The orc priest hits you but does no damage.
The orc completely misses you. The orc hits you but does no damage.
The orc priest hits you but does no damage.
The orc hits you with a +0 whip. The orc barely misses you.
You hit the orc priest but do no damage.
The orc priest is heavily wounded.
The orc hits you but does no damage. The orc priest closely misses you.
The orc closely misses you.
You hit the orc priest.
The orc priest is severely wounded.
The orc priest closely misses you. The orc closely misses you.
The orc hits you with a +2 vampiric hand axe.
You hit the orc priest but do no damage.
The orc priest is severely wounded.
The orc misses you. The orc priest barely misses you.
The orc barely misses you.
You barely miss the orc priest.
The orc priest is severely wounded.
The orc hits you but does no damage.
The orc priest calls down the wrath of Beogh upon you.
Beogh smites you!
You die...

#...# #.###
.... #...#
.... #.#.#
.... #...# .o.
#.#.# ..#
#.).# #.#
#.#o# ####o#
#o@.###g.).###
#o###.).o....#
#.....###...##
####### #####


You could see an orc priest and 2 orcs.

Vanquished Creatures
  An orc wizard (D:4)
  6 adders
  3 dart slugs
  10 orcs
  5 endoplasms
  3 giant cockroaches
  7 goblins
  10 hobgoblins
  3 quokkas
  6 ball pythons
  2 bats (D:2)
  4 frilled lizards
  6 kobolds
  5 rats
71 creatures vanquished.

Notes
Turn   | Place    | Note
-------+----------+-------------------------------------------
     0 | D:1      | EvilAshe the Gargoyle Gladiator began the quest for the
                  | Orb.
     0 | D:1      | Reached XP level 1. HP: 12/12 MP: 1/1
   218 | D:1      | Reached XP level 2. HP: 17/17 MP: 2/2
   706 | D:1      | Reached skill level 4 in Maces & Flails
   924 | D:2      | Reached XP level 3. HP: 19/21 MP: 3/3
  1594 | D:2      | Found a broken altar of Ashenzari.
  1951 | D:3      | Found Ynutife's Jewellery Shoppe.
  2036 | D:4      | Reached XP level 4. HP: 25/26 MP: 4/4
  2146 | D:3      | Found a faded altar of an unknown god.
  2316 | D:3      | Reached skill level 5 in Maces & Flails
  2545 | D:4      | Reached XP level 5. HP: 29/30 MP: 5/5
  2916 | D:4      | Reached skill level 6 in Maces & Flails
  2953 | D:4      | Killed from afar by an orc priest

Illustrated notes

Levels and vault maps discovered:
D:1:      dpeg_arrival_round_b, layout_basic, supply_closet_lemuel
D:2:      layout_basic, basic_altar, minmay_misc_feat_four_crosses,
          minmay_misc_feat_encased
D:3:      layout_basic, serial_shops, nicolae_shop_stone,
          basic_ecumenical_altar, minmay_between
D:4:      layout_cave_pods, minmay_temple_entry_arrows,
          hangedman_minor_gate_pass, uniq_edmund

Skill      XL: |  1  2  3  4  5 |
---------------+----------------+-----
Maces & Flails | 4 5 6 |  6.0
Fighting       | |  2.1
Throwing       | |  1.7
Dodging        | |  2.4

Action                   |  1- 3 |  4- 6 || total
-------------------------+-------+-------++-------
Melee: Flail             |   108 |    92 ||   200
       Punch             |     1 |     1 ||     2
Armor: Leather armour    |    13 |       ||    13
       Chain mail        |    43 |    42 ||    85
Dodge: Dodged            |    51 |    59 ||   110
